 Dungeon Crawl Stone Soup version 0.29-a0-575-g0dc89cf053 (webtiles) character file.

Game seed: 9627636903146790067

43952 slackjack5000 the Severer (level 14, -3/138 HPs)
             Began as a Hill Orc Monk on June 12, 2022.
             Was the Champion of Beogh.
             Slain by a red ugly thing (23 damage)
             ... in a volcano.
             The game lasted 00:46:07 (24509 turns).

slackjack5000 the Severer (Hill Orc Monk)          Turns: 24509, Time: 00:46:08

Health: -3/138     AC: 29    Str: 21    XL:     14   Next: 26%
Magic:  0/15       EV:  8    Int: 14    God:    Beogh [******]
Gold:   1666       SH:  0    Dex: 13    Spells: 13/13 levels left

rFire   . . .      SeeInvis .   v - +7 war axe (vamp)
rCold   . . .      Faith    .   (no shield)
rNeg    . . .      Spirit   +   N - +0 plate armour
rPois   +          Reflect  .   d - +1 helmet
rElec   .          Harm     .   H - +0 cloak
rCorr   .          Rampage  .   Z - +0 pair of gloves
Will    +....                   L - +0 pair of boots
Stlth   ..........              w - amulet of guardian spirit
HPRegen 0.33/turn               Y - +4 ring of protection
MPRegen 0.14/turn               G - ring of poison resistance

@: mighty, spiked
A: walk on water, clever 2, strong 1
a: Renounce Religion, Smiting, Recall Orcish Followers, Give Item to Named
Follower, Resurrection


You were in a volcano.
You worshipped Beogh.
Beogh was exalted by your worship.
You visited 4 branches of the dungeon, and saw 20 of its levels.
You also visited: Sewer, Ossuary and Volcano.

You collected 1799 gold pieces.
You spent 133 gold pieces at shops.

Inventory:

Hand Weapons
 q - a +0 hand axe of flaming
 v - a +7 vampiric war axe (weapon)
Missiles
 Q - 2 throwing nets (quivered)
Armour
 d - a +1 helmet (worn)
 H - a +0 cloak (worn)
 L - a +0 pair of boots (worn)
 N - a +0 plate armour (worn)
 T - a +2 hat of willpower
 Z - a +0 pair of gloves (worn)
Jewellery
 r - an amulet of the acrobat
 w - an amulet of guardian spirit (around neck)
 G - a ring of poison resistance (right hand)
 Y - a +4 ring of protection (left hand)
Wands
 e - a wand of iceblast (3)
 l - a wand of acid (9)
 p - a wand of mindburst (6)
 s - a wand of polymorph (4)
 z - a wand of charming (5)
 R - a wand of paralysis (3)
 U - a wand of flame (18)
 W - a wand of digging (11)
Scrolls
 a - 6 scrolls of teleportation
 n - 2 scrolls of poison
 u - 3 scrolls of fear
 y - 3 scrolls of amnesia
 B - 2 scrolls of blinking
 C - 6 scrolls of enchant armour
 D - 2 scrolls of magic mapping
 F - a scroll of vulnerability
 J - 3 scrolls of identify
 K - 3 scrolls of silence
 M - a scroll of fog
 S - a scroll of brand weapon
 X - 2 scrolls of enchant weapon
Potions
 b - 4 potions of haste
 c - a potion of ambrosia
 f - 3 potions of attraction
 g - 5 potions of lignification
 h - 5 potions of magic
 i - 2 potions of resistance
 j - 6 potions of heal wounds
 k - 16 potions of curing
 o - 3 potions of might
 t - 2 potions of flight
 x - 2 potions of invisibility
 E - 3 potions of berserk rage
 I - 3 potions of brilliance
 P - 2 potions of cancellation
Miscellaneous
 m - a box of beasts
 A - a phial of floods
 V - a tin of tremorstones (2/2)


   Skills:
 * Level 16.6 Fighting
 + Level 16.9 Axes
 * Level 16.0 Armour
 - Level 2.4 Dodging
 + Level 4.1 Stealth
 - Level 1.3 Shields
 + Level 1.5 Invocations
 + Level 1.8 Evocations


You had 13 spell levels left.
You didn't know any spells.
Your spell library contained the following spells:

 Spells                   Type           Power      Damage    Failure   Level
 Magic Dart               Conj           0%         1d3       95%         1
 Summon Small Mammal      Summ           0%         N/A       95%         1
 Blink                    Tloc           0%         N/A       99%         2
 Scorch                   Fire           0%         2d5       99%         2
 Searing Ray              Conj           0%         2d4       99%         2
 Call Canine Familiar     Summ           0%         N/A       100%        3
 Frozen Ramparts          Ice            0%         1d2       100%        3
 Gell's Gravitas          Tloc           0%         N/A       100%        3
 Inner Flame              Hex/Fire       0%         N/A       100%        3
 Lesser Beckoning         Tloc           0%         N/A       100%        3
 Portal Projectile        Hex/Tloc       0%         N/A       100%        3
 Summon Guardian Golem    Hex/Summ       0%         N/A       100%        3
 Teleport Other           Tloc           0%         N/A       100%        3
 Tukima's Dance           Hex            0%         N/A       100%        3
 Cause Fear               Hex            0%         N/A       100%        4
 Flame Wave               Conj/Fire      0%         2d4       100%        4
 Fulminant Prism          Conj/Hex       0%         3d6       100%        4
 Ice Form                 Ice/Tmut       0%         N/A       100%        4
 Iskenderun's Mystic Bla  Conj/Tloc      0%         2d3       100%        4
 Leda's Liquefaction      Hex/Erth       0%         N/A       100%        4
 Passage of Golubria      Tloc           0%         N/A       100%        4
 Summon Ice Beast         Ice/Summ       0%         N/A       100%        4
 Lee's Rapid Deconstruct  Erth           0%         3d5*      100%        5
 Manifold Assault         Tloc           0%         N/A       100%        5
 Yara's Violent Unravell  Hex/Tmut       0%         3d3       100%        5
 Dispersal                Tloc           0%         N/A       100%        6
 Summon Cactus Giant      Summ           0%         N/A       100%        6
 Storm Form               Tmut/Air       0%         N/A       100%        7
 Discord                  Hex            0%         N/A       100%        8
 Disjunction              Tloc           0%         N/A       100%        8
 Chain Lightning          Conj/Air       0%         N/A       100%        9
 Fire Storm               Conj/Fire      0%         5d1       100%        9
 Shatter                  Erth           0%         3d5*      100%        9


Dungeon Overview and Level Annotations

Branches:
Dungeon (13/15)            Temple (1/1) D:6            Lair (5/6) D:8
  Swamp (0/4) Lair:4       Spider (0/4) Lair:4        Slime (0/5) Lair:5
    Orc (1/2) D:12          Sewer (visited)         Ossuary (visited)
Volcano (1/1)
 Vaults: D:13-14

Altars:
Elyvilon
Fedhas
Nemelex Xobeh
Okawaru
Qazlal
Ru
Sif Muna
Trog
Uskayaw
Vehumet

Shops:
D:6 ?   D:13 ?

Annotations:
D:3 2 transporters
D:9 1 runed translucent door
D:12 3 runed translucent doors, dolemite99's ghost, journeyman HONe
Lair:3 2 transporters, samgaumpmail's ghost, journeyman OgIE


Innate Abilities, Weirdness & Mutations

You can walk on water.
Your mind is very acute. (Int +4)
Your muscles are strong. (Str +2)


Message History

You feel very mighty all of a sudden.
The hell hound bites you but does no damage.
The sun demon hits you!
You are engulfed in flames!
The red ugly thing gores you but does no damage.
The red devil closely misses you.
The hell hound bites you but does no damage.
The sun demon barely misses you.
You hit the hell hound.
The hell hound is lightly wounded.
You hit the molten gargoyle. You hit the red devil.
You hit the sun demon but do no damage. You hit the red ugly thing.
The hell hound bites you but does no damage.
The red ugly thing gores you.
You are engulfed in flames!
The red devil hits you with a +1 trident of flaming!
Barbed spikes become lodged in your body.
The red devil burns you.
The molten gargoyle hits you but does no damage.
You slice the hell hound!!
You kill the hell hound!
Beogh accepts your kill.
You slice the molten gargoyle!! You slash the red devil!
You kill the red devil!
Beogh accepts your kill.
You closely miss the sun demon. You closely miss the red ugly thing.
The sun demon hits you but does no damage.
The red ugly thing barely misses you.
You slice the brown ugly thing!!
The brown ugly thing is moderately wounded.
You barely miss the red ugly thing. You slash the sun demon!
You hit the molten gargoyle but do no damage.
The sun demon hits you.
You are engulfed in flames!
* * * LOW HITPOINT WARNING * * *
The molten gargoyle hits you but does no damage.
The brown ugly thing barely misses you.
You feel much better. The sun demon hits you!
You are engulfed in flames!
* * * LOW HITPOINT WARNING * * *
The red ugly thing gores you!
* * * LOW HITPOINT WARNING * * *
You are engulfed in flames!!
You die...

#..8..# # #.....##.#
#.....8[!# ########
#..†..#..# .......####
##...##)$# ≈≈§≈§.....###
##'####'##
≈§≈≈§≈§§...8###.p.#....##
≈≈≈≈§≈≈§......'9uu'.._..#
§≈≈≈§≈§§...8###.@3#..p.##
≈§≈§≈§≈...### ##)## ##'#
≈≈≈≈§≈≈≈...### #..
≈≈≈§§≈§§§..#.# ..⌠.
≈§≈≈§≈§≈≈§...##.....
≈§§≈≈§§§§≈≈...#.....#
§≈§≈≈≈≈§≈≈≈...#..8..#
§≈§§≈≈§§≈.....##$$$##
§≈≈≈≈≈≈§....###


You could see 2 ugly things, a hell knight, a sun demon and a molten gargoyle.

Vanquished Creatures
  Gastronok (D:12)
  Nessos (Lair:5)
  Fannar (D:10)
  Harold (Lair:1)
  4 hydras
  A centaur warrior (D:13)
  Erica (D:8)
  5 two-headed ogres
  Sonja (Lair:1)
  A deep elf pyromancer (D:12)
  A manticore (D:13)
  A cyclops (D:13)
  2 ugly things
  5 elephants (Lair:5)
  A black mamba (Lair:3)
  An unseen horror (D:10)
  5 cane toads
  3 kobold demonologists (D:11)
  3 komodo dragons
  A rime drake (Lair:3)
  A tyrant leech (Lair:4)
  A polar bear (Lair:2)
  A red devil (Volcano)
  2 hornets
  6 trolls
  Grinder (D:5)
  6 blink frogs
  A dream sheep (Lair:4)
  7 wraiths
  2 wyverns
  A shadow (D:9)
  A basilisk (Lair:1)
  7 fire bats (Volcano)
  16 yaks
  A redback (Lair:4)
  2 steam dragons
  7 vampire mosquitoes
  Duvessa (D:7)
  2 swamp worms (Lair:4)
  A floating eye (D:9)
  4 hell hounds
  Pargi (Sewer)
  9 water moccasins
  An orc warrior (D:7)
  3 ice beasts
  A black bear (Lair:3)
  An ogre (D:5)
  A centaur (D:9)
  2 wolves (D:8)
  A phantom (D:5)
  A kobold brigand (D:9)
  5 bullfrogs
  A gnoll sergeant (D:5)
  Blork the orc (D:5)
  4 necrophages
  13 scorpions
  5 wights
  Dowan (D:7)
  6 killer bees
  5 electric eels
  12 howler monkeys
  5 lava snakes (Volcano)
  3 centaur zombies (Ossuary)
  5 hounds
  6 orc priests
  Crazy Yiuf (D:7)
  2 human zombies (Ossuary)
  2 jellies
  3 gnoll shamans
  Jessica (D:3)
  5 iguanas
  3 scorpion zombies (Ossuary)
  9 orc wizards
  Natasha (thrice) (D:2)
  3 mummies (Ossuary)
  18 gnolls
  12 adders
  3 shadow imps
  3 white imps
  2 ufetubi (D:6)
  3 worms (D:2)
  2 dart slugs
  11 orcs
  14 bats
  7 endoplasms
  4 giant cockroaches
  A gnoll zombie (Ossuary)
  5 goblins
  10 hobgoblins
  12 jackals
  5 quokkas
  5 ball pythons
  3 frilled lizards
  3 goblin zombies (Ossuary)
  5 hobgoblin zombies (Ossuary)
  15 kobolds
  A kobold zombie (Ossuary)
  2 orc zombies (Ossuary)
  11 rats
393 creatures vanquished.

Vanquished Creatures (collateral kills)
  A boulder beetle (D:12)
  4 hydras
  A deep elf pyromancer (D:12)
  2 oklob plants (Lair:3)
  A cyclops (D:7)
  2 black mambas
  2 elephants (Lair:5)
  A torpor snail (Lair:4)
  A gargoyle (D:12)
  A cane toad (Lair:2)
  A rime drake (Lair:3)
  Psyche (D:8)
  4 komodo dragons
  A polar bear (Lair:2)
  A troll (D:11)
  2 tyrant leeches (Lair:4)
  2 dream sheep (Lair:4)
  12 blink frogs
  A jumping spider (Lair:4)
  A shadow (D:13)
  A wyvern (Lair:3)
  2 wraiths (D:9)
  A vampire mosquito (D:12)
  2 fire bats (D:9)
  A steam dragon (D:9)
  10 yaks
  A redback (Lair:4)
  4 water moccasins
  A warg (Orc:1)
  A black bear (Lair:4)
  2 centaurs (D:9)
  A kobold brigand (D:9)
  5 bullfrogs
  8 killer bees
  4 electric eels
  2 howler monkeys (D:9)
  2 hounds (D:8)
  An orc wizard (D:9)
  2 gnolls (D:10)
  3 orcs
  3 bats (D:9)
  3 kobolds (D:9)
  A butterfly (Lair:5)
103 creatures vanquished.

Vanquished Creatures (others)
  An orc warrior (D:8)
  An iguana (D:8)
  A hound (D:8)
  An orc priest (D:5)
  6 orc wizards
  A gnoll (D:8)
  13 orcs
  17 fungi
  27 plants
68 creatures vanquished.

Grand Total: 564 creatures vanquished

Notes
Turn   | Place    | Note
-------+----------+-------------------------------------------
     0 | D:1      | slackjack5000 the Hill Orc Monk began the quest for the
                  | Orb.
     0 | D:1      | Reached XP level 1. HP: 19/19 MP: 1/1
   469 | D:1      | Reached XP level 2. HP: 16/27 MP: 2/2
  1145 | D:2      | Reached skill level 1 in Armour
  1204 | D:2      | Found a faded altar of an unknown god.
  1262 | D:2      | Reached XP level 3. HP: 22/33 MP: 3/3
  1464 | D:2      | Identified the +7 dagger of the Sky {flame, Dex+3}
  1858 | D:2      | Noticed Natasha
  1869 | D:2      | Killed Natasha
  1870 | D:2      | Reached skill level 5 in Axes
  1870 | D:2      | Reached XP level 4. HP: 4/41 MP: 4/4
  2481 | D:2      | Noticed Natasha
  2488 | D:2      | Killed Natasha
  2499 | D:2      | Noticed Natasha
  2506 | D:2      | Killed Natasha
  2507 | D:2      | Reached skill level 5 in Fighting
  2507 | D:2      | Reached XP level 5. HP: 20/48 MP: 5/5
  2708 | D:3      | Noticed Jessica
  2762 | D:3      | Found a transporter.
  2764 | D:3      | Found a transporter.
  2873 | D:3      | Identified the +9 falchion of Cuzorch {antimagic, Int+4}
  3002 | D:3      | Killed Jessica
  3262 | D:2      | Reached XP level 6. HP: 53/56 MP: 6/6
  3376 | D:3      | Found a glowing drain.
  3382 | Sewer    | Entered a sewer
  3452 | Sewer    | Noticed Pargi
  3457 | Sewer    | Killed Pargi
  4017 | D:4      | Identified a scroll of acquirement
  4017 | D:4      | Acquired a +6 vampiric war axe
  4324 | D:4      | Reached skill level 1 in Shields
  4324 | D:4      | Reached XP level 7. HP: 58/62 MP: 7/7
  4744 | D:5      | Entered Level 5 of the Dungeon
  4803 | D:5      | Became a worshipper of Beogh the Brigand
  4803 | D:5      | Reached * piety under Beogh
  4803 | D:5      | Reached ** piety under Beogh
  4871 | D:5      | Noticed Grinder
  5384 | D:5      | Reached skill level 5 in Armour
  5384 | D:5      | Reached XP level 8. HP: 71/71 MP: 8/8
  5598 | D:5      | Noticed Blork the orc
  5990 | D:6      | Found a staircase to the Ecumenical Temple.
  6132 | Temple   | Entered the Ecumenical Temple
  6465 | D:6      | Reached *** piety under Beogh
  6699 | D:6      | Reached XP level 9. HP: 65/81 MP: 9/9
  6841 | D:6      | Found Anaalul's Magic Scroll Emporium.
  6847 | D:6      | Bought a scroll of poison for 49 gold pieces
  6847 | D:6      | Bought 2 scrolls of identify for 56 gold pieces
  6847 | D:6      | Bought a scroll of identify for 28 gold pieces
  6872 | D:6      | Gained mutation: Your mind is acute. (Int +2) [potion of
                  | mutation]
  6872 | D:6      | Gained mutation: You expend magic power (3 MP) to
                  | strengthen your wands. [potion of mutation]
  6872 | D:6      | Gained mutation: You have a pair of small horns on your
                  | head. [potion of mutation]
  6873 | D:6      | Lost mutation: You expend magic power (3 MP) to strengthen
                  | your wands. [potion of mutation]
  6873 | D:6      | Lost mutation: You have a pair of small horns on your head.
                  | [potion of mutation]
  6873 | D:6      | Gained mutation: Your mind is very acute. (Int +4) [potion
                  | of mutation]
  6873 | D:6      | Gained mutation: Your muscles are strong. (Str +2) [potion
                  | of mutation]
  7539 | D:7      | Reached skill level 10 in Axes
  7573 | D:7      | Noticed Duvessa
  7580 | D:7      | Noticed Dowan
  7582 | D:7      | Killed Duvessa
  7587 | D:7      | Found a sand-covered staircase.
  7589 | D:7      | Killed Dowan
  7601 | Ossuary  | Entered an ossuary
  8161 | Ossuary  | Reached **** piety under Beogh
  8291 | Ossuary  | Acquired 552 gold pieces
  8406 | D:7      | Reached XP level 10. HP: 81/91 MP: 10/10
  8997 | D:7      | Paralysed by a hornet for 2 turns
  9002 | D:7      | Reached skill level 10 in Fighting
  9018 | D:7      | Noticed a cyclops
  9031 | D:7      | Killed a cyclops
  9665 | D:7      | Found a runed translucent door.
  9666 | D:7      | Noticed Crazy Yiuf
  9673 | D:7      | Killed Crazy Yiuf
  9860 | D:8      | Noticed Psyche
  9875 | D:8      | Killed Psyche
  9878 | D:8      | Found a staircase to the Lair.
 10509 | D:5      | Killed Grinder
 10601 | D:5      | Killed Blork the orc
 12347 | D:8      | Reached skill level 1 in Evocations
 12863 | D:8      | Noticed a two-headed ogre
 12872 | D:8      | Killed a two-headed ogre
 12873 | D:8      | Reached skill level 10 in Armour
 12896 | D:8      | Noticed a two-headed ogre
 12901 | D:8      | Noticed Erica
 12906 | D:8      | Killed a two-headed ogre
 12907 | D:8      | Reached XP level 11. HP: 86/101 MP: 11/11
 12919 | D:8      | Killed Erica
 13636 | D:9      | Found a sparkling altar of Nemelex Xobeh.
 13694 | D:9      | Reached ***** piety under Beogh
 13915 | D:9      | Identified the +5 ring mail "Hogaetef" {rPois Str+2 Dex+3
                  | Stlth-}
 14143 | D:9      | Found a white marble altar of Elyvilon.
 14166 | D:9      | Found a runed translucent door.
 14262 | D:9      | Noticed a flayed ghost
 14442 | D:9      | Found a hide-covered altar of Uskayaw.
 14463 | D:9      | Found a radiant altar of Vehumet.
 14484 | D:9      | Found an iron altar of Okawaru.
 14632 | D:9      | Found a shimmering blue altar of Sif Muna.
 14650 | D:9      | Found a sacrificial altar of Ru.
 14819 | D:10     | Entered Level 10 of the Dungeon
 15201 | D:10     | Noticed Fannar
 15216 | D:10     | Killed Fannar
 15464 | D:10     | Noticed a two-headed ogre
 15472 | D:10     | Killed a two-headed ogre
 15702 | D:10     | Gained Grimold as an ally
 15708 | D:10     | Reached XP level 12. HP: 101/112 MP: 12/12
 16073 | D:11     | Noticed a two-headed ogre
 16084 | D:11     | Killed a two-headed ogre
 16214 | D:11     | Found a bloodstained altar of Trog.
 16330 | D:11     | Noticed a soul eater
 16567 | D:11     | Gained Thorok as an ally
 17230 | D:12     | Noticed a boulder beetle
 17230 | D:12     | Noticed a seven-headed hydra
 17238 | D:12     | Killed a three-headed hydra
 17239 | D:12     | Reached skill level 15 in Axes
 17253 | D:12     | Killed a boulder beetle
 17340 | D:12     | Found a staircase to the Orcish Mines.
 17449 | D:12     | Noticed a two-headed ogre
 17456 | D:12     | Killed a two-headed ogre
 17644 | D:12     | Noticed a six-headed hydra
 17646 | D:12     | Noticed a five-headed hydra
 17654 | D:12     | Killed a four-headed hydra
 17660 | D:12     | Killed a one-headed hydra
 17765 | D:12     | Found a stormy altar of Qazlal.
 17804 | D:12     | Noticed Gastronok
 17814 | D:12     | Killed Gastronok
 17837 | D:12     | Found a runed translucent gate.
 17839 | D:12     | Found a runed translucent gate.
 17840 | D:12     | Found a runed translucent gate.
 17841 | D:12     | Noticed dolemite99's ghost (journeyman HONe)
 18061 | D:13     | Noticed a four-headed hydra
 18065 | D:13     | Killed a three-headed hydra
 18223 | D:13     | Reached XP level 13. HP: 123/123 MP: 13/13
 18337 | D:13     | Found Foreom's Magic Scroll Shop.
 19381 | Orc:1    | Entered Level 1 of the Orcish Mines
 19495 | Lair:1   | Entered Level 1 of the Lair of Beasts
 19497 | Lair:1   | Noticed Harold
 19527 | Lair:1   | Killed Harold
 19759 | Lair:1   | Noticed Sonja
 19769 | Lair:1   | Killed Sonja
 20269 | Lair:1   | Reached skill level 15 in Armour
 20574 | Lair:2   | Identified the +8 hand axe "Eshep" {speed, rElec rN++ Will+
                  | Int-5}
 20677 | Lair:2   | Reached skill level 1 in Invocations
 20684 | Lair:2   | Reached ****** piety under Beogh
 20807 | Lair:2   | Identified the +7 trident "Ruqur" {drain, rElec Dex+4}
 21390 | Lair:3   | Gained Gorg as an ally
 21391 | Lair:3   | Gained Gorbash as an ally
 21548 | Lair:3   | Reached skill level 15 in Fighting
 22068 | Lair:3   | Found a transporter.
 22078 | Lair:3   | Noticed samgaumpmail's ghost (journeyman OgIE)
 22088 | Lair:3   | Found a transporter.
 22092 | Lair:3   | Found a bloodstained altar of Trog.
 22166 | Lair:3   | Found a blossoming altar of Fedhas.
 23037 | Lair:4   | Found a staircase to the Swamp.
 23127 | Lair:4   | Reached XP level 14. HP: 52/136 MP: 7/15
 23705 | Lair:4   | Found a hole to the Spider Nest.
 23865 | Lair:5   | Noticed Nessos
 23870 | Lair:5   | Killed Nessos
 24204 | Lair:5   | Found a dark tunnel.
 24213 | Volcano  | Entered a volcano
 24490 | Volcano  | Found a burning altar of Makhleb.
 24509 | Volcano  | Slain by a red ugly thing

Illustrated notes

Levels and vault maps discovered:
D:1:      lemuel_arrival_broad_hall, layout_basic,
          hangedman_decor_clover_reticule
D:2:      minmay_diamond_boxcup, layout_basic,
          hellmonk_ecumenical_altar_heavens_door, uniq_natasha
D:3:      gammafunk_steamed_eel, layout_loops_cross, portal_sewer_entry_e,
          nicolae_underground_beach, uniq_jessica
D:4:      layout_basic
D:5:      layout_gridville, minmay_misc_feat_four_crosses, uniq_grinder,
          uniq_blork_the_orc
D:6:      layout_cave_pools, minmay_temple_entry_glass, serial_rivers,
          chequers_serial_rivers_large_a, chequers_serial_rivers_room_a,
          chequers_serial_rivers_room_a, chequers_serial_rivers_small_b,
          chequers_serial_rivers_small_a, chequers_serial_rivers_room_b,
          serial_shops, shop_statue
D:7:      layout_basic, nicolae_ossuary_entry_ruins, hangedman_minor_gate_pass,
          uniq_duvessa, uniq_crazy_yiuf_cottage
D:8:      layout_cave_pools, erik_lair_island, uniq_erica, uniq_psyche
D:9:      due_megacathedral, layout_basic, mainiacjoe_overflow_tiny_flanked,
          onia_ninara_cookie
D:10:     layout_gridville, minmay_crystal_water, uniq_fannar
D:11:     layout_basic, trog_hazing_becter
D:12:     layout_roguey, orc_0_dummy, ebering_ghost_rock_garden,
          nicolae_qazlal_style_of_elements, uniq_gastronok
D:13:     layout_grid_maze, serial_shops, nicolae_diamond_shop
Temple:   kilobyte_greek_temple
Lair:1:   layout_gridlike, infiniplex_staircase_pool, grunt_megastairs_4,
          uniq_sonja, uniq_harold
Lair:2:   layout_loops_ring, grunt_megastairs_2, serial_bayou_shore_a,
          lemuel_fruit_tree
Lair:3:   layout_small_grid, gammafunk_ghost_wrathful_warriors,
          chequers_serial_rivers_small_3, hangedman_tree_tricks, st_stairs_7,
          guppyfry_lair_drakes, infiniplex_staircase_pool_2
Lair:4:   layout_regular_city, minmay_swamp_entry_worms,
          spider_nest_entry_funnel_web
Lair:5:   layout_cave_pods, minmay_slime_entry_oklob_enclosed, enter_volcano_3,
          lemuel_fruit_fields, uniq_nessos
Orc:1:    layout_caves
Volcano:  volcano_grotto [vgs_many_chambers]

Skill      XL: |  1  2  3  4  5  6  7  8  9 10 11 12 13 14 |
---------------+-------------------------------------------+-----
Fighting       | 4 5 6 7 9 10 12 13 15 16 | 16.6
Armour         | 1 2 3 4 5 6 8 10 12 14 15 16 | 16.0
Axes           | 5 6 7 9 11 13 14 15 16 | 16.9
Stealth        | 2 3 4 |  4.1
Shields        | 1 |  1.3
Evocations     | 1 |  1.8
Invocations    | 1 |  1.5
Dodging        | |  2.4

Action                   |  1- 3 |  4- 6 |  7- 9 | 10-12 | 13-15 || total
-------------------------+-------+-------+-------+-------+-------++-------
Melee: Hand axe          |   150 |   127 |       |    13 |    38 ||   328
       War axe           |       |    14 |   330 |   432 |   309 ||  1085
       Punch             |       |       |     7 |     8 |     5 ||    20
Invok: Convert to Beogh  |       |       |     1 |       |       ||     1
       Give Item to Name |       |       |       |     1 |     3 ||     4
       Recall Orcish Fol |       |       |       |       |     2 ||     2
Evoke: Wand              |       |     6 |       |     9 |       ||    15
  Use: Scroll            |     3 |     7 |    14 |     5 |     5 ||    34
       Potion            |       |       |     4 |     1 |     3 ||     8
 Stab: Sleeping          |     1 |       |     1 |       |       ||     2
       Confused          |       |       |       |     2 |       ||     2
       Distracted        |       |       |       |     2 |     3 ||     5
       Paralysed         |       |       |       |       |     5 ||     5
Armor: Robe              |     9 |       |       |       |       ||     9
       Leather armour    |    35 |    17 |       |       |       ||    52
       Ring mail         |       |    24 |    40 |       |       ||    64
       Skin              |       |     8 |       |       |       ||     8
       Scale mail        |       |       |    71 |     4 |       ||    75
       Chain mail        |       |       |       |   132 |       ||   132
       Plate armour      |       |       |       |    93 |   296 ||   389
Dodge: Dodged            |   103 |    90 |   141 |   154 |   145 ||   633
Block: Other             |       |    25 |    67 |    78 |    10 ||   180
       Reflection        |       |       |     1 |     3 |     1 ||     5

Table legend: (Time is in decaauts)
 A = Elapsed time spent in this place.
 B = Non-inter-level travel time spent in this place.
 C = Inter-level travel time spent in this place.
 D = Time resting spent in this place.
 E = Time spent auto-exploring this place.
 F = Levels seen in this place.
 G = Mean time per level.
                   A        B        C        D        E       F      G
               +--------+--------+--------+--------+--------+-----+--------+
         Total |  24418 |  23449 |    969 |   4949 |  13274 |  23 | 1061.7 |
       Dungeon |  18393 |  17438 |    955 |   4199 |   9422 |  13 | 1414.8 |
        Temple |    200 |    200 |      0 |    182 |      0 |   1 |  200.0 |
          Lair |   4609 |   4597 |     12 |    250 |   3360 |   5 |  921.8 |
  Orcish Mines |      6 |      6 |      0 |      0 |      0 |   1 |    6.0 |
         Sewer |    134 |    134 |      0 |      0 |     98 |   1 |  134.0 |
       Ossuary |    795 |    795 |      0 |    200 |    357 |   1 |  795.0 |
       Volcano |    279 |    279 |      0 |    118 |     37 |   1 |  279.0 |
               +--------+--------+--------+--------+--------+-----+--------+

Top non-repeatable levels by time:
     D:7: 3274 daAuts
     D:2: 1697 daAuts
     D:9: 1601 daAuts
     D:8: 1570 daAuts
     D:5: 1439 daAuts
  Lair:3: 1304 daAuts
    D:13: 1300 daAuts
    D:11: 1286 daAuts
  Lair:4: 1218 daAuts
     D:1: 1130 daAuts
     D:4: 1074 daAuts
     D:3: 1063 daAuts
    D:10: 1032 daAuts
     D:6: 968 daAuts
    D:12: 953 daAuts
